 Dungeon Crawl Stone Soup version 0.31-a0-1589-g8f5e8aebd6 (webtiles) character file.

Game seed: 2118738668850186928

494 sadasda the Covered (level 6, -3/56 HPs)
             Began as a Minotaur Fighter on Jan 5, 2024.
             Slain by a gnoll
             ... wielding a +0 spear
             ... led by a gnoll bouda
              (6 damage)
             ... on level 5 of the Dungeon.
             The game lasted 00:06:35 (1132 turns).

sadasda the Covered (Minotaur Fighter)              Turns: 1132, Time: 00:06:36

Health: -3/56      AC:  7    Str: 23    XL:     6   Next: 92%
Magic:  5/5        EV: 10    Int:  5    God:
Gold:   0          SH:  4    Dex:  9    Spells: 5/5 levels left

rFire   . . .        f - +1 flail (drain)
rCold   . . .        c - +0 buckler
rNeg    . . .        b - +0 scale mail
rPois   .            (helmet restricted)
rElec   .            (no cloak)
rCorr   .            (no gloves)
SInv    .            (no boots)
Will    .....        (no amulet) Stlth
                     (no ring)
HPRegen 0.29/turn    (no ring)
MPRegen 0.09/turn

%: no passive effects
@: mighty
A: horns 2, retaliatory headbutt
a: no special abilities


You were on level 5 of the Dungeon.
You visited 1 branch of the dungeon, and saw 5 of its levels.

Inventory:

Hand Weapons
 a - a +0 long sword
 f - a +1 flail of draining (weapon)
Armour
 b - a +0 scale mail (worn)
 c - a +0 buckler (worn)
Jewellery
 d - a ring of wizardry
Potions
 e - a potion of heal wounds {unknown}
 g - a potion of berserk rage {unknown}


   Skills:
 + Level 5.0 Fighting
 + Level 3.9 Long Blades
 + Level 3.7 Maces & Flails
 + Level 5.7 Armour
 + Level 1.8 Dodging
 + Level 5.0 Shields


You had 5 spell levels left.
You didn't know any spells.
Your spell library was empty.

Dungeon Overview and Level Annotations

Branches:
Dungeon (5/15)
 Temple: D:4-7

Altars:


Innate Abilities, Weirdness & Mutations

You have a pair of horns on your head.
You reflexively headbutt those who attack you in melee.


Message History

The scorpion stings you but does no damage.
The gnoll hits you with a +0 whip. You block the gnoll's attack.
The gnoll hits you with a +0 club.
You hit the scorpion.
You kill the scorpion!
The gnoll hits you with a +0 whip.
The gnoll hits you from afar with a +0 spear.
The gnoll hits you with a +0 club.
* * * LOW HITPOINT WARNING * * *
You block the gnoll's attack.
The gnoll hits you from afar with a +0 spear.
* * * LOW HITPOINT WARNING * * *
The gnoll hits you but does no damage.
Your Fighting skill increases to level 5!
Your Shields skill increases to level 5!
You hit the gnoll. Your headbutt misses the gnoll.
The gnoll is lightly wounded.
The gnoll hits you from afar with a +0 spear.
* * * LOW HITPOINT WARNING * * *
You block the gnoll's attack.
You thump the gnoll! You headbutt the gnoll.
You kill the gnoll!
The gnoll hits you with a +0 whip.
* * * LOW HITPOINT WARNING * * *
The gnoll barely misses you.
You feel very mighty all of a sudden. You block the gnoll's attack. x2
You sock the gnoll! You drain the gnoll.
You kill the gnoll!
The gnoll hits you from afar with a +0 spear.
* * * LOW HITPOINT WARNING * * *
The gnoll barely misses you.
You see here a ring of wizardry.
d - a ring of wizardry The gnoll hits you from afar with a +0 spear.
* * * LOW HITPOINT WARNING * * *
The gnoll closely misses you. The gnoll attacks as it pursues you!
The gnoll hits you from afar with a +0 spear.
You die...

......?.[...............##
.#...........#.##.........
#........##### .....$...#
#......#...#..###.......##
##.##..#.......##.).......
##...#............$##.#
##...........#.g..#(.### #
###.........#....##...##...
##.#.......#@.............
#.............#.....#.>...
#.....#.##...##.##.###....
##.....####....#.##...?....
#.........##.#.............
##...........##.##......##.
#...#.......#.........##
###.#.............##..#
####.....#.....## .##


You could see a gnoll.

Vanquished Creatures
  A black bear (D:3)
  3 scorpions
  A bombardier beetle (D:4)
  A jelly (D:5)
  2 orc wizards
  Natasha (D:3)
  2 gnolls (D:5)
  3 adders
  A white imp (D:5)
  10 orcs
  3 endoplasms
  A giant cockroach (D:1)
  3 goblins
  3 hobgoblins
  3 ball pythons (D:4)
  A bat (D:2)
  A kobold (D:4)
  A rat (D:3)
41 creatures vanquished.

Notes
Turn   | Place    | Note
-------+----------+-------------------------------------------
     0 | D:1      | sadasda the Minotaur Fighter began the quest for the Orb.
     0 | D:1      | Reached XP level 1. HP: 19/19 MP: 0/0
   140 | D:3      | Noticed an orc wizard
   150 | D:3      | Reached XP level 2. HP: 27/27 MP: 1/1
   158 | D:3      | Reached XP level 3. HP: 33/33 MP: 2/2
   175 | D:3      | Noticed Natasha
   186 | D:3      | Killed Natasha
   421 | D:4      | Reached XP level 4. HP: 30/39 MP: 3/3
   449 | D:4      | Reached skill level 1 in Maces & Flails
   525 | D:4      | Reached XP level 5. HP: 36/47 MP: 4/4
   537 | D:4      | Noticed a black bear
   608 | D:3      | Killed a black bear
   609 | D:3      | Reached skill level 5 in Armour
   609 | D:3      | Reached skill level 1 in Dodging
   794 | D:4      | Reached XP level 6. HP: 55/55 MP: 5/5
   880 | D:5      | Entered Level 5 of the Dungeon
  1123 | D:5      | Reached skill level 5 in Fighting
  1123 | D:5      | Reached skill level 5 in Shields
  1132 | D:5      | Slain by a gnoll

Illustrated notes

Levels and vault maps discovered:
D:1:      lemuel_arrival_broad_hall, layout_loops_ring,
          ebering_ecumenical_altar_mist, serial_forest, infiniplex_forest_split,
          infiniplex_forest_corner_1, infiniplex_forest_clump_long,
          infiniplex_forest_zigzag_1, kennysheep_boxes
D:2:      layout_rooms, kennysheep_generic_room_8
D:3:      layout_loops_ring, nicolae_tso_besieged_by_evil, uniq_natasha,
          uniq_jessica
D:4:      layout_cave_pools, kennysheep_mini, temple_pool_b,
          serial_column_ruins, column_ruins_hut, column_ruins_hut,
          column_ruins_columns_straight, column_ruins_grid_1,
          column_ruins_grid_1, column_ruins_grid_1, minmay_splitting_lines
D:5:      layout_cave_pools

Skill      XL: |  1  2  3  4  5  6 |
---------------+-------------------+-----
Fighting       | 4 5 |  5.0
Armour         | 4 5 |  5.7
Shields        | 4 5 |  5.0
Long Blades    | 3 |  3.9
Maces & Flails | 1 2 3 |  3.7
Dodging        | 1 |  1.8

Action                     |  1- 3 |  4- 6 || total
---------------------------+-------+-------++-------
  Melee: Long sword        |    27 |       ||    27
         Headbutt          |     2 |    11 ||    13
         Flail             |    16 |    56 ||    72
    Use: Potion            |       |     1 ||     1
 Armour: Scale mail        |    27 |    81 ||   108
  Dodge: Dodged            |    17 |    45 ||    62
  Block: Buckler           |    13 |    27 ||    40

Table legend: (Time is in decaauts)
 A = Elapsed time spent in this place.
 B = Non-inter-level travel time spent in this place.
 C = Inter-level travel time spent in this place.
 D = Time resting spent in this place.
 E = Time spent auto-exploring this place.
 F = Levels seen in this place.
 G = Mean time per level.
                   A        B        C        D        E       F      G
               +--------+--------+--------+--------+--------+-----+--------+
         Total |   1173 |   1060 |    113 |      0 |      0 |   5 |  234.6 |
       Dungeon |   1173 |   1060 |    113 |      0 |      0 |   5 |  234.6 |
               +--------+--------+--------+--------+--------+-----+--------+

Top non-repeatable levels by time:
     D:4: 438 daAuts
     D:3: 340 daAuts
     D:5: 256 daAuts
     D:2: 121 daAuts
     D:1: 17 daAuts
